cohdb
Replays
Latest Replays
All Replays
Popular Replays
Top Player Replays
Match Explorer
How It Works
Community
CoH3 Stats
Reddit
Sign in to upload your games and track your stats! →
Sign in with Steam
Match 45251461
Unlisted
Match 45251461
Overview
Messages
Build Orders
End
Selects Australian Defense Battlegroup
Selects Australian Light Infantry Section
Vickers Machine Gun Team
Australian Light Infantry Section
Construct Section Command Post
Australian Light Infantry Section
Construct Field Infirmary
Infantry Section
Construct Platoon Command Post
Infantry Training
午睡红茶
[TW]S.C.
NP97
Colonel Phreeze
Hk
Yancy
cds700
L1mbo
0
0
Comments
sign in to comment!
No comments posted yet!